 Dungeon Crawl Stone Soup version 0.25-a0-734-g73332ae (webtiles) character file.

Game seed: 3667202912299597754, levelgen mode: deterministic

26 JarJarBinks the Chiller (level 3, 0/24 HPs)
             Began as a Merfolk Ice Elementalist on Apr 11, 2020.
             Slain by a worm (5 damage)
             ... on level 2 of the Dungeon.
             The game lasted 00:02:53 (1044 turns).

JarJarBinks the Chiller (Merfolk Ice Elementalist)  Turns: 1044, Time: 00:02:53

Health: 0/24       AC:  2    Str:  8    XL:     3   Next: 8%
Magic:  1/6        EV: 13    Int: 15    God:
Gold:   50         SH:  0    Dex: 14    Spells: 2/6 levels left

rFire    . . .     SeeInvis .   i - +0 short sword
rCold    . . .     Gourm    .   (no shield)
rNeg     . . .     Faith    .   a - +0 robe
rPois    .         Spirit   .   (no helmet)
rElec    .         Reflect  .   (no cloak)
rCorr    .         Harm     .   (no gloves)
MR       .....                  (no boots)
Stlth    ++........             (no amulet)
HPRegen  0.08/turn              (no ring)
MPRegen  0.10/turn              (no ring)

@: no status effects
A: change form in water, swift swim, stealthy swim
a: no special abilities


You were on level 2 of the Dungeon.
You were hungry.

You visited 1 branch of the dungeon, and saw 2 of its levels.

You collected 50 gold pieces.

Inventory:

Hand Weapons
 i - a +0 short sword (weapon)
Armour
 a - a +0 robe (worn)
Jewellery
 d - a +3 amulet of reflection {unknown}
 h - an uncursed amulet of the acrobat {unknown}
Scrolls
 g - a scroll of enchant weapon
Potions
 b - 2 potions of curing {unknown}
 e - a potion of lignification {unknown}
 f - a potion of brilliance {unknown}
Comestibles
 c - a ration


   Skills:
 - Level 2.7 Dodging
 - Level 2.4 Stealth
 + Level 2.3 Spellcasting
 + Level 5.1 Ice Magic


You had 2 spell levels left.
You knew the following spells:

 Your Spells              Type           Power        Failure   Level  Hunger
a - Freeze                Ice            ###.         2%          1    #......
b - Frozen Ramparts       Ice            ###...       8%          3    ###....

Your spell library contained the following spells:

 Spells                   Type           Power        Failure   Level  Hunger
 Ozocubu's Armour         Chrm/Ice       #.......     22%         3    ###....
 Hailstorm                Conj/Ice       #.......     58%         4    #####..
 Summon Ice Beast         Ice/Summ       #.......     58%         4    #####..


Dungeon Overview and Level Annotations

Branches:
Dungeon (2/15)

Altars:


Message History

Casting: Freeze (safe; 2% risk of failure)
Confirm with . or Enter, or press ? or * to list all spells.
Aiming: Freeze (safe; 2% risk of failure)
Press: ? - help, Shift-Dir - straight line, f/p - worm
Aim: a worm (lightly wounded)
You freeze the worm.
The worm is moderately wounded.
You hit the worm.
The worm is heavily wounded.
The worm closely misses you.
You hit the worm.
The worm is severely wounded.
The worm bites you!
* * * LOW HITPOINT WARNING * * *
You hit the worm.
The worm is severely wounded.
You hit the worm but do no damage.
The worm is severely wounded.
The worm bites you.
You die...

#.# #...'................... #.#
#.###................... #.# #.#
#.......##.......... #.# #.#
#.......##....).....
##.#######.############........[.
................(................
##....................#..........
##..######.#....#####.#..########
...........+....@w......†.†...>##
##..######.#..............#.....#
##..# #.#..............#.....#
##..# #.#..............#.....#
##..# ####.##########+#+#.......#
##..# #....# #........## ##..#
+....# ####.....##
##..#+#...##### ...........
+.............# .......##.##


You could see a worm.

Vanquished Creatures
  An adder (D:2)
  A dart slug (D:2)
  2 giant cockroaches
  3 goblins
  2 kobolds (D:2)
  2 bats (D:2)
  2 frilled lizards
  3 rats (D:1)
16 creatures vanquished.

Notes
Turn   | Place    | Note
-------+----------+-------------------------------------------
     0 | D:1      | JarJarBinks the Merfolk Ice Elementalist began the quest
                  | for the Orb.
     0 | D:1      | Reached XP level 1. HP: 13/13 MP: 3/3
   529 | D:2      | Reached XP level 2. HP: 19/19 MP: 1/5
   843 | D:2      | Reached skill level 5 in Ice Magic
   848 | D:2      | Reached XP level 3. HP: 16/24 MP: 1/6
   980 | D:2      | Learned a level 3 spell: Frozen Ramparts
  1044 | D:2      | Slain by a worm

Levels and vault maps discovered:
D:1:      dpeg_arrival_pits, layout_loops_ring
D:2:      layout_basic, chequers_ecumenical_altar_grove

Skill      XL: |  1  2 |
---------------+-------+-----
Ice Magic      | 5 |  5.1
Dodging        | |  2.7
Stealth        | |  2.4
Spellcasting   | |  2.3

Action                   || total
-------------------------++-------
Melee: Short sword       ||     5
 Cast: Freeze            ||    29
  Use: Scroll            ||     1
Armor: Robe              ||     9
Dodge: Dodged            ||    19

Table legend:
 A = Non-vault XP
 B = Vault XP
 C = Vault XP percentage of total XP
 D = Non-vault monster count
 E = Vault monster count
 F = Vault count percentage of total count
                 A         B        C        D         E       F
            +---------+---------+-------+---------+---------+-------
      Total |      38 |       0 |   0.0 |      16 |       0 |   0.0
            +---------+---------+-------+---------+---------+-------
        D:1 |       8 |       0 |   0.0 |       6 |       0 |   0.0
        D:2 |      30 |       0 |   0.0 |      10 |       0 |   0.0
            +---------+---------+-------+---------+---------+-------
